 Dungeon Crawl Stone Soup version 0.25.1-2-g60ff931df9 (webtiles) character file.

Game seed: 13856465342305918772

208555 gruber the Eclecticist (level 18, -2/163 HPs)
             Began as a Purple Draconian Ice Elementalist on Nov 10, 2020.
             Was the Champion of Vehumet.
             Slain by a white ugly thing (28 damage)
             ... on level 1 of the Vaults.
             The game lasted 01:06:01 (40066 turns).

gruber the Eclecticist (DrIE)                      Turns: 40066, Time: 01:06:01

Health: -2/163     AC: 19    Str: 10    XL:     18   Next: 13%
Magic:  42/50      EV: 19    Int: 28    God:    Vehumet [******]
Gold:   2257       SH:  7    Dex: 16    Spells: 19/55 levels left

rFire    + + .     SeeInvis .   K - +4 morningstar of Xebreah {elec, rPois MP+9 Dex+2}
rCold    . . .     Gourm    .   W - +1 buckler {rF+}
rNeg     . . .     Faith    .   (armour unavailable)
rPois    +         Spirit   .   (helmet restricted)
rElec    .         Reflect  .   x - +2 cloak
rCorr    .         Harm     .   h - +2 pair of gloves
MR       ++...                  m - +2 pair of boots
Stlth    ++........             o - amulet of magic regeneration
HPRegen  0.37/turn              s - ring of protection from fire
MPRegen  0.57/turn              i - +6 ring of intelligence

@: no potions, slowed, very slow
A: breathe power, unfitting armour, cold-blooded, AC +10
}: 1/15 runes: serpentine
a: Breathe Dispelling Energy, Renounce Religion


You were on level 1 of the Vaults.
You worshipped Vehumet.
Vehumet was exalted by your worship.
You were near starving.

You visited 7 branches of the dungeon, and saw 31 of its levels.
You also visited: Ossuary.

You collected 2485 gold pieces.
You spent 228 gold pieces at shops.

Inventory:

Hand Weapons
 c - the +3 long sword "Giantbane" {speed, Int+3}
   (You found it on level 9 of the Dungeon)

   Attacks with this weapon are significantly faster.
   It affects your intelligence (+3).
 K - the +4 morningstar of Xebreah (weapon) {elec, rPois MP+9 Dex+2}
   (You found it on level 2 of the Swamp)

   Occasionally, upon striking a foe, it will discharge some electrical energy
   and cause terrible harm.
   It affects your dexterity (+2).
   It protects you from poison.
   It affects your magic capacity (+9).
Missiles
 Q - 17 curare-tipped darts (quivered)
Armour
 h - a +2 pair of gloves (worn)
 m - a +2 pair of boots (worn)
 x - a +2 cloak (worn)
 W - a +1 buckler of fire resistance (worn)
Jewellery
 i - a +6 ring of intelligence (right hand)
 o - an amulet of magic regeneration (around neck)
 s - a ring of protection from fire (left hand)
 S - an uncursed ring of resist corrosion
 T - an uncursed ring of protection from magic
Wands
 f - a wand of clouds (19)
 r - a wand of digging (9)
 w - a wand of paralysis (5)
 E - a wand of disintegration (13)
 G - a wand of acid (24)
 L - a wand of enslavement (8)
 N - a wand of iceblast (8)
Scrolls
 e - 12 scrolls of teleportation
 k - 9 scrolls of immolation {unknown}
 l - 4 scrolls of amnesia {unknown}
 n - 10 scrolls of remove curse
 t - 8 scrolls of fog {unknown}
 u - 6 scrolls of magic mapping {unknown}
 v - 6 scrolls of blinking {unknown}
 y - 4 scrolls of enchant armour {unknown}
 D - 9 scrolls of enchant weapon {unknown}
 H - 4 scrolls of noise {unknown}
 J - a scroll of holy word {unknown}
 M - 5 scrolls of fear {unknown}
 P - a scroll of silence {unknown}
 R - a scroll of summoning {unknown}
 V - 6 scrolls of vulnerability {unknown}
Potions
 a - 7 potions of brilliance
 d - 13 potions of curing
 g - 9 potions of heal wounds
 j - 4 potions of haste
 p - 2 potions of invisibility
 q - 5 potions of might
 z - 4 potions of resistance
 A - 2 potions of ambrosia
 B - 3 potions of magic
 C - 4 potions of cancellation
 F - 4 potions of flight
 I - a potion of berserk rage
 U - 2 potions of stabbing
 Z - 6 potions of lignification
Miscellaneous
 O - a box of beasts
Comestibles
 b - 44 rations


   Skills:
 - Level 15.1 Fighting
 - Level 10.0 Dodging
 - Level 1.7 Stealth
 - Level 6.1 Shields
 - Level 19.0 Spellcasting
 - Level 8.3 Conjurations
 - Level 6.3 Summonings
 - Level 17.6 Ice Magic
 * Level 3.1 Earth Magic
 - Level 2.8 Evocations


You had 19 spell levels left.
You knew the following spells:

 Your Spells              Type           Power        Failure   Level  Hunger
a - Freeze                Ice            ####         0%          1    None
b - Frozen Ramparts       Ice            ######       0%          3    None
c - Hailstorm             Conj/Ice       #######.     1%          4    None
d - Summon Ice Beast      Ice/Summ       #######.     1%          4    None
e - Sticky Flame          Conj/Fire      #####...     1%          4    None
f - Ozocubu's Armour      Chrm/Ice       ######..     1%          3    None
g - Metabolic Englaciati  Hex/Ice        ######....   1%          5    None
h - Ozocubu's Refrigerat  Ice            #######...   1%          6    #......
i - Iron Shot             Conj/Erth      ######....   6%          6    #......

Your spell library contained the following spells:

 Spells                   Type           Power        Failure   Level  Hunger
 Absolute Zero            Ice            #######...   28%         9    #######
 Shatter                  Erth           #####.....   100%        9    #######
 Tornado                  Air            ####......   100%        9    #######
 Apportation              Tloc           ####..       1%          1    None
 Foxfire                  Conj/Fire      ####         1%          1    None
 Magic Dart               Conj           ####         1%          1    None
 Shock                    Conj/Air       ####         1%          1    None
 Summon Butterflies       Summ           ######..     1%          1    None
 Searing Ray              Conj           ######       1%          2    None
 Conjure Flame            Conj/Fire      #####...     1%          3    None
 Dazzling Flash           Conj/Hex       #####.       1%          3    None
 Inner Flame              Hex/Fire       ####....     1%          3    None
 Recall                   Summ/Tloc      N/A          1%          3    None
 Static Discharge         Conj/Air       #####...     1%          3    None
 Fulminant Prism          Conj/Hex       #####.....   1%          4    None
 Iskenderun's Mystic Bla  Conj/Tloc      #####...     1%          4    None
 Swiftness                Chrm/Air       ####....     2%          2    None
 Fireball                 Conj/Fire      #####.....   2%          5    None
 Lightning Bolt           Conj/Air       #####.....   2%          5    None
 Confusing Touch          Hex            ####....     4%          3    None
 Gell's Gravitas          Tloc           ####......   4%          3    None
 Lesser Beckoning         Tloc           ####......   4%          3    None
 Tukima's Dance           Hex            ####....     4%          3    None
 Airstrike                Air            ####......   4%          4    None
 Simulacrum               Ice/Necr       ######....   7%          6    #......
 Petrify                  Tmut/Erth      #####...     9%          4    None
 Yara's Violent Unravell  Hex/Tmut       ####......   12%         5    None
 Animate Dead             Necr           N/A          16%         4    None
 Passage of Golubria      Tloc           N/A          16%         4    None
 Borgnjor's Vile Clutch   Necr/Erth      #####.....   24%         5    None
 Alistair's Intoxication  Tmut/Pois      ####....     41%         5    None
 Death Channel            Necr           ####......   94%         6    #......
 Invisibility             Hex            ####....     94%         6    #......
 Disjunction              Tloc           ####......   100%        8    ######.


Dungeon Overview and Level Annotations

Branches:
Dungeon (14/15)            Temple (1/1) D:7            Lair (6/6) D:11
  Swamp (3/4) Lair:4        Snake (4/4) Lair:3        Slime (0/5) Lair:5
    Orc (2/2) D:12            Elf (0/3) Orc:2        Vaults (1/5) D:14
Ossuary (visited)

Altars:
Ashenzari
Cheibriados
Dithmenos
Elyvilon
Fedhas
Gozag
Hepliaklqana
Kikubaaqudgha
Makhleb
Nemelex Xobeh
Okawaru
Qazlal
Ru
Sif Muna
Trog
Uskayaw
Vehumet
Wu Jian
Xom
Yredelemnul
Zin
The Shining One
Beogh

Shops:
D:5 (   D:10 :   Orc:2 (}[   Snake:1 *   Snake:3 ==}(

Annotations:
Swamp:3 Bai Suzhen


Innate Abilities, Weirdness & Mutations

You can breathe bolts of dispelling energy.
Your rich purple scales are hard. (AC +10)
You cannot fit into any form of body armour.
You are cold-blooded and may be slowed by cold attacks.


Message History

* * * LOW HITPOINT WARNING * * *
Unknown command.
Unknown command.
Casting: Iron Shot (dangerous; 6% risk of failure)
Confirm with . or Enter, or press ? or * to list all spells.
Aiming: Sticky Flame (mildly dangerous; 1% risk of failure)
Press: ? - help, Shift-Dir - straight line, f/p - white ugly thing
Aim: a white ugly thing (severely wounded)
The sticky flame hits the white ugly thing!
The white ugly thing is almost dead.
The white ugly thing is covered in liquid flames!
The white ugly thing burns!
The white ugly thing closely misses you.
Unknown command.
Unknown command.
The white ugly thing burns! x2; The white ugly thing trunk-slaps you!
* * * LOW HITPOINT WARNING * * *
The white ugly thing freezes you!!
You feel as though you will be slow longer.
You die...

#.......#..))..
#(......').^...
#.......'.)....
######
#.......'....).
#..... #......(#
#..... ######'##+#
#..### #.#...#.#
#..#(# #.##u##.#
#..#.' #...@...#
#..#?# #.......#
#..###
#.......########.....
#.##.##.'......'.....
#.#...#.'......######
#########......#
#......# #......#
#......######


You could see a white ugly thing (burning).

Vanquished Creatures
  Vashnia (Snake:4)
  A tentacled monstrosity (Swamp:2)
  Kirke (D:13)
  11 nagarajas
  A fire giant (Vaults:1)
  Aizul (Snake:4)
  4 orc warlords
  Snorg (Lair:6)
  An ettin (Orc:2)
  A yaktaur captain (Vaults:1)
  A rakshasa (D:14)
  2 catoblepae (Lair:4)
  19 naga warriors
  9 anacondas
  A shambling mangrove (Swamp:1)
  6 hydras
  4 centaur warriors
  A death knight (D:14)
  5 two-headed ogres
  2 dancing weapons (D:14)
  6 alligators
  11 death yaks
  4 orc high priests (Orc:2)
  12 naga sharpshooters
  5 shock serpents
  Nergalle (D:10)
  12 spriggans
  2 salamander mystics (Snake:3)
  2 unseen horrors
  3 deep trolls (D:11)
  Pikel (D:5)
  3 swamp dragons
  10 naga ritualists
  13 mana vipers
  A wolf spider zombie (D:14)
  3 deep elf magi
  A necromancer (Vaults:1)
  An oklob plant (Lair:5)
  4 orc knights
  10 orc sorcerers
  A wolf spider (Vaults:1)
  5 ugly things
  4 manticores
  13 salamanders
  4 cyclopes
  A centaur zombie (D:14)
  10 guardian serpents
  3 elephants (Lair:5)
  11 spiny frogs
  18 naga magi
  30 black mambas
  7 centaur skeletons
  Maggie (D:10)
  A rime drake (Lair:5)
  9 komodo dragons
  A freezing wraith (Vaults:1)
  A redback zombie (D:13)
  An entropy weaver simulacrum (Vaults:1)
  16 trolls
  2 tengu conjurers (D:14)
  6 polar bears
  8 hornets
  2 tyrant leeches (Swamp:1)
  5 bog bodies
  4 hippogriffs
  20 slime creatures
  8 dream sheep (Lair:6)
  15 blink frogs
  A shadow (D:14)
  33 yaks
  3 wyverns
  A hungry ghost (D:10)
  A steam dragon (Lair:3)
  6 wargs
  Edmund (D:4)
  15 vampire mosquitoes
  3 insubstantial wisps (Swamp:1)
  10 swamp worms
  11 water moccasins
  3 acid dragons (D:11)
  47 nagas
  8 porcupines
  A slave (D:5)
  44 orc warriors
  A sky beast (D:13)
  2 swamp drakes
  An eye of draining (D:12)
  7 black bears (Lair:2)
  2 phantoms
  13 centaurs
  3 boggarts (Lair:6)
  25 wolves
  A necrophage (D:4)
  15 ogres
  16 crocodiles
  A big kobold (D:13)
  12 bullfrogs
  A gnoll sergeant (D:10)
  A glowing shapeshifter simulacrum (Vaults:1)
  A water moccasin zombie (D:8)
  6 killer bees
  4 scorpions
  A human simulacrum (Vaults:1)
  4 wights
  4 howler monkeys
  5 electric eels (D:11)
  4 crimson imps
  A quasit (D:13)
  3 bullfrog zombies
  6 hounds
  A human zombie (Ossuary)
  37 orc priests
  7 jellies
  25 orc wizards
  A bullfrog skeleton (D:12)
  2 iguanas
  6 worker ants
  4 hell rats (Lair:3)
  A killer bee zombie (D:7)
  Robin (D:4)
  8 gnolls
  11 adders
  3 shadow imps
  2 oozes
  4 worms
  2 dart slugs (D:1)
  A leopard gecko (D:6)
  121 orcs
  10 bats
  4 giant cockroaches
  15 goblins
  11 hobgoblins
  7 jackals
  10 kobolds
  6 quokkas
  2 ball pythons
  2 frilled lizards
  6 hobgoblin zombies (Ossuary)
  11 kobold zombies (Ossuary)
  8 orc zombies (Ossuary)
  3 rats
  A rat zombie (Ossuary)
  7 bushes
  9 fungi
  27 plants
1089 creatures vanquished.

Vanquished Creatures (collateral kills)
  A hydra (D:8)
  2 two-headed ogres
  A centaur warrior (D:13)
  A death yak (Lair:3)
  Urug (Lair:4)
  Sonja (D:10)
  2 cyclopes
  2 slime creatures (D:13)
  Psyche (D:10)
  2 spiny frogs
  An efreet (D:14)
  2 komodo dragons (Lair:6)
  3 polar bears (Lair:6)
  A hornet (Lair:6)
  A dream sheep (Lair:6)
  A shadow (D:13)
  2 wyverns (D:11)
  A spriggan (Lair:6)
  A wraith (D:13)
  5 hogs (D:13)
  11 yaks
  A basilisk (D:11)
  3 vampire mosquitoes (D:14)
  A soldier ant (D:14)
  A water moccasin (D:12)
  3 black bears
  An ice beast (D:10)
  A boggart (Lair:6)
  A sky beast (D:11)
  4 centaurs
  5 wolves
  A crocodile (Lair:6)
  A big kobold (D:11)
  2 human skeletons (Vaults:1)
  2 wights (D:8)
  3 howler monkeys
  2 bullfrog zombies
  4 centaur zombies (Ossuary)
  A quasit (D:11)
  A hound (D:10)
  An orc priest (D:10)
  A bullfrog skeleton (D:8)
  A worker ant (D:10)
  A big kobold zombie (Ossuary)
  2 mummies (Ossuary)
  An orc (D:7)
  3 jackals (D:7)
  A goblin zombie (Ossuary)
  2 hobgoblin zombies (Ossuary)
  A kobold (D:11)
  A kobold zombie (Ossuary)
  A rat zombie (Ossuary)
97 creatures vanquished.

Vanquished Creatures (others)
  A slave (D:5)
  A water moccasin (D:5)
  A bullfrog skeleton (D:5)
  2 iguanas (D:5)
  A shadow imp (D:10)
  An ooze (D:5)
  An orc (D:5)
  2 bushes (Lair:6)
  13 fungi
  53 plants
76 creatures vanquished.

Grand Total: 1262 creatures vanquished

Notes
Turn   | Place    | Note
-------+----------+-------------------------------------------
     0 | D:1      | gruber the Draconian Ice Elementalist began the quest for
                  | the Orb.
     0 | D:1      | Reached XP level 1. HP: 14/14 MP: 3/3
   299 | D:1      | Reached XP level 2. HP: 19/20 MP: 3/5
  1248 | D:2      | Reached skill level 5 in Ice Magic
  1248 | D:2      | Reached XP level 3. HP: 26/26 MP: 4/6
  1253 | D:2      | Learned a level 3 spell: Frozen Ramparts
  1865 | D:2      | Reached XP level 4. HP: 33/33 MP: 7/7
  2208 | D:3      | Reached XP level 5. HP: 38/38 MP: 5/8
  3045 | D:4      | Learned a level 4 spell: Hailstorm
  3104 | D:4      | Noticed Edmund
  3113 | D:4      | Killed Edmund
  3113 | D:4      | Reached XP level 6. HP: 35/45 MP: 7/9
  3307 | D:4      | Noticed Robin
  3318 | D:4      | Killed Robin
  4087 | D:5      | Entered Level 5 of the Dungeon
  4098 | D:5      | Your scales start taking on a rich purple colour.
  4098 | D:5      | Reached XP level 7. HP: 44/50 MP: 8/10
  4194 | D:5      | Noticed Pikel
  4204 | D:5      | Killed Pikel
  4204 | D:5      | Reached skill level 6 in Spellcasting
  4204 | D:5      | Reached XP level 8. HP: 49/57 MP: 11/17
  4490 | D:5      | Found a sand-covered staircase.
  4493 | D:5      | Reached skill level 7 in Spellcasting
  4554 | Ossuary  | Entered an ossuary
  4560 | Ossuary  | Learned a level 4 spell: Summon Ice Beast
  4716 | Ossuary  | Reached skill level 1 in Summonings
  5124 | D:5      | Found Imoeriol's Antique Weapon Boutique.
  5830 | D:6      | Reached skill level 5 in Summonings
  6935 | D:7      | Found an iron altar of Okawaru.
  6990 | D:7      | You fall into a shaft and drop 3 floors!
  6990 | D:10     | Entered Level 10 of the Dungeon
  6991 | D:10     | Noticed a two-headed ogre
  6996 | D:10     | Reached skill level 1 in Conjurations
  7002 | D:10     | Reached XP level 9. HP: 57/62 MP: 10/19
  7012 | D:10     | Killed a two-headed ogre
  7087 | D:10     | Reached skill level 5 in Conjurations
  7234 | D:10     | Noticed a troll
  7242 | D:10     | Killed a troll
  7566 | D:10     | Found Anuetaph's Book Boutique.
  7798 | D:8      | Noticed a six-headed hydra
  7810 | D:8      | Killed a six-headed hydra
  7940 | D:8      | Reached XP level 10. HP: 62/69 MP: 3/21
  8000 | D:8      | Noticed a two-headed ogre
  8010 | D:8      | Killed a two-headed ogre
  8010 | D:8      | Reached skill level 8 in Spellcasting
  8669 | D:7      | Found a staircase to the Ecumenical Temple.
  9149 | Temple   | Entered the Ecumenical Temple
  9447 | Temple   | Became a worshipper of Vehumet
  9721 | D:9      | Reached skill level 9 in Spellcasting
  9733 | D:9      | Got a warped long sword
  9734 | D:9      | Identified the +3 long sword "Giantbane" {speed, Int+3}
                  | (You found it on level 9 of the Dungeon)
 10448 | D:10     | Reached skill level 10 in Spellcasting
 10646 | D:10     | Noticed Psyche
 10650 | D:10     | Noticed Sonja
 10658 | D:10     | Noticed Nergalle
 10661 | D:10     | Killed Sonja
 10661 | D:10     | Killed Psyche
 10665 | D:10     | Killed Nergalle
 10665 | D:10     | Reached * piety under Vehumet
 10665 | D:10     | Offered knowledge of Foxfire by Vehumet.
 10665 | D:10     | Reached skill level 10 in Ice Magic
 11094 | D:10     | Noticed Maggie
 11105 | D:10     | Killed Maggie
 11105 | D:10     | Reached XP level 11. HP: 26/74 MP: 15/25
 12271 | D:11     | Reached ** piety under Vehumet
 12271 | D:11     | Offered knowledge of Magic Dart by Vehumet.
 12650 | D:11     | Reached skill level 5 in Dodging
 12681 | D:11     | Found a staircase to the Lair.
 12942 | D:11     | Noticed a two-headed ogre
 12949 | D:11     | Killed a two-headed ogre
 13301 | D:11     | Noticed a deep troll
 13301 | D:11     | Noticed a deep troll
 13305 | D:11     | Killed a deep troll
 13305 | D:11     | Offered knowledge of Mephitic Cloud by Vehumet.
 13306 | D:11     | Killed a deep troll
 13326 | D:11     | Noticed a deep troll
 13329 | D:11     | Killed a deep troll
 13630 | D:12     | Found a stormy altar of Qazlal.
 13665 | D:12     | Killed an unseen horror
 13695 | D:12     | Reached *** piety under Vehumet
 13943 | D:12     | Reached XP level 12. HP: 81/81 MP: 22/26
 14132 | D:12     | Found a staircase to the Orcish Mines.
 14650 | D:12     | Offered knowledge of Olgreb's Toxic Radiance by Vehumet.
 14709 | D:12     | Found a roughly hewn altar of Beogh.
 14713 | D:12     | Reached skill level 10 in Dodging
 14797 | D:13     | Noticed a centaur warrior
 14802 | D:13     | Killed a centaur warrior
 14802 | D:13     | Reached skill level 1 in Fighting
 15101 | D:13     | Reached **** piety under Vehumet
 15102 | D:13     | Reached skill level 5 in Fighting
 15633 | D:13     | Noticed Kirke
 15649 | D:13     | Killed Kirke
 15888 | D:13     | Noticed a centaur warrior
 15908 | D:13     | Killed a centaur warrior
 16317 | D:13     | Reached skill level 11 in Spellcasting
 16377 | D:13     | Offered knowledge of Sticky Flame by Vehumet.
 16388 | D:13     | Learned a level 4 spell: Sticky Flame
 16743 | D:14     | Found a sacrificial altar of Ru.
 16743 | D:14     | Noticed a centaur warrior
 16752 | D:14     | Killed a centaur warrior
 16856 | D:14     | Reached skill level 12 in Spellcasting
 16860 | D:14     | Reached XP level 13. HP: 95/107 MP: 15/29
 16870 | D:14     | Learned a level 3 spell: Ozocubu's Armour
 16876 | D:14     | Learned a level 5 spell: Metabolic Englaciation
 17422 | D:14     | Found a gate to the Vaults.
 18803 | Lair:1   | Entered Level 1 of the Lair of Beasts
 18808 | Lair:1   | Reached skill level 1 in Shields
 19302 | Lair:1   | Reached ***** piety under Vehumet
 19303 | Lair:1   | Offered knowledge of Ozocubu's Refrigeration by Vehumet.
 19308 | Lair:1   | Reached skill level 5 in Shields
 19531 | Lair:1   | Learned a level 6 spell: Ozocubu's Refrigeration
 21418 | Lair:3   | Found a staircase to the Snake Pit.
 21744 | Lair:3   | Reached XP level 14. HP: 115/115 MP: 14/30
 22897 | Lair:4   | Noticed Urug
 22909 | Lair:4   | Killed Urug
 22916 | Lair:4   | Reached skill level 15 in Ice Magic
 23257 | Lair:4   | Found a staircase to the Swamp.
 23334 | Lair:5   | Offered knowledge of Freezing Cloud by Vehumet.
 23957 | Lair:5   | Found a staircase to the Slime Pits.
 24628 | Lair:6   | Entered Level 6 of the Lair of Beasts
 25638 | Lair:6   | Identified the Almanac of the Quantum Volcanoes
 25640 | Lair:6   | Got a smoking scimitar
 25644 | Lair:6   | Identified the +1 scimitar "Jushun" {vorpal, rElec} (You
                  | found it on level 6 of the Lair of Beasts)
 26026 | Lair:6   | Noticed Snorg
 26034 | Lair:6   | Killed Snorg
 26223 | Lair:6   | Reached XP level 15. HP: 121/121 MP: 22/31
 26225 | Lair:6   | Offered knowledge of Iron Shot by Vehumet.
 27152 | Orc:1    | Entered Level 1 of the Orcish Mines
 27359 | Orc:2    | Entered Level 2 of the Orcish Mines
 27734 | Orc:2    | Learned a level 6 spell: Iron Shot
 27919 | Orc:1    | Noticed an orc warlord
 28269 | Orc:2    | Found a roughly hewn altar of Beogh.
 28292 | Orc:2    | Noticed an orc warlord
 28298 | Orc:2    | Killed an orc warlord
 28448 | Orc:2    | Found Rulupera's Weapon Boutique.
 28450 | Orc:2    | Reached skill level 13 in Spellcasting
 28488 | Orc:2    | Found Oxzytor's Gadget Shop.
 28779 | Orc:2    | Got a dazzling spear
 28822 | Orc:2    | Noticed an orc warlord
 28827 | Orc:2    | Killed an orc warlord
 28877 | Orc:2    | Offered knowledge of Iskenderun's Battlesphere by Vehumet.
 28958 | Orc:2    | Found a roughly hewn altar of Beogh.
 29092 | Orc:2    | Found Heriuleph's Magic Scroll Emporium.
 29206 | Orc:2    | Found Jumyis's Armour Shoppe.
 29210 | Orc:2    | Reached skill level 14 in Spellcasting
 29526 | Orc:2    | Found a staircase to the Elven Halls.
 30017 | Orc:1    | Killed an orc warlord
 30023 | Orc:1    | Noticed an orc warlord
 30034 | Orc:1    | Killed an orc warlord
 30178 | Orc:1    | Found a roughly hewn altar of Beogh.
 30556 | Snake:1  | Entered Level 1 of the Snake Pit
 30587 | Snake:1  | Reached skill level 15 in Spellcasting
 30618 | Snake:1  | Found Coatz's Assorted Antiques.
 30661 | Snake:1  | Bought a pair of embroidered boots for 180 gold pieces
 30666 | Snake:1  | Bought a scroll of identify for 48 gold pieces
 30668 | Snake:1  | Identified the cursed +3 spear of Nyleps {antimagic, rPois
                  | MR- Str+2 Int+3 Stlth-} (You found it on level 2 of the
                  | Orcish Mines)
 31256 | Snake:2  | Reached XP level 16. HP: 128/128 MP: 24/35
 31496 | Snake:2  | Reached skill level 16 in Spellcasting
 31709 | Snake:2  | You fall into a shaft and drop 1 floor!
 31746 | Snake:3  | Offered knowledge of Lightning Bolt by Vehumet.
 32408 | Snake:3  | Reached skill level 17 in Spellcasting
 32839 | Snake:3  | Found Cechoceo's Antique Weapon Shop.
 33111 | Snake:3  | Reached skill level 18 in Spellcasting
 33502 | Snake:3  | Found Atutzuu's Gadget Shop.
 33502 | Snake:3  | Found Huisolu's Jewellery Shoppe.
 33503 | Snake:3  | Found Plog's Jewellery Shoppe.
 33832 | Snake:4  | Entered Level 4 of the Snake Pit
 33840 | Snake:4  | Reached ****** piety under Vehumet
 34036 | Snake:4  | Offered knowledge of Irradiate by Vehumet.
 34100 | Snake:4  | Reached skill level 19 in Spellcasting
 34448 | Snake:4  | Reached XP level 17. HP: 83/136 MP: 20/40
 34776 | Snake:4  | Reached skill level 10 in Fighting
 35058 | Snake:4  | Noticed Vashnia
 35137 | Snake:4  | Killed Vashnia
 35204 | Snake:4  | Noticed Aizul
 35209 | Snake:4  | Killed Aizul
 35816 | Snake:4  | Offered knowledge of Orb of Destruction by Vehumet.
 36480 | Snake:4  | Got a serpentine rune of Zot
 36721 | Swamp:1  | Entered Level 1 of the Swamp
 38095 | Swamp:2  | Noticed a tentacled monstrosity
 38107 | Swamp:2  | Killed a tentacled monstrosity
 38558 | Swamp:2  | Got a jewelled morningstar
 38579 | Swamp:2  | Identified the +4 morningstar of Xebreah {elec, rPois MP+9
                  | Dex+2} (You found it on level 2 of the Swamp)
 38759 | Swamp:2  | Reached skill level 15 in Fighting
 39087 | Swamp:3  | Reached XP level 18. HP: 163/163 MP: 38/41
 39109 | Swamp:3  | Noticed Bai Suzhen
 39413 | Vaults:1 | Entered Level 1 of the Vaults
 39446 | Vaults:1 | Reached skill level 1 in Evocations
 39633 | Vaults:1 | Reached skill level 1 in Earth Magic
 39635 | Vaults:1 | Offered knowledge of Shatter by Vehumet.
 39635 | Vaults:1 | Offered knowledge of Tornado by Vehumet.
 39635 | Vaults:1 | Offered knowledge of Absolute Zero by Vehumet.
 40066 | Vaults:1 | Slain by a white ugly thing

Illustrated notes

Levels and vault maps discovered:
D:1:      dpeg_arrival_stonehenge_8_columns, layout_basic, serial_bayou_pond_e
D:2:      layout_basic, hex_intersection, eino_tiny_chamber
D:3:      layout_rooms, first_ration
D:4:      layout_loops_corners, uniq_robin, uniq_edmund
D:5:      layout_loops_ring, serial_shops, shop,
          nicolae_ossuary_entry_false_entrances, minmay_manual_mullet,
          uniq_pikel
D:6:      layout_basic, water_maze_lemuel
D:7:      layout_cave_pods, okawaru_gym_becter, minmay_temple_entry_poolview,
          grunt_ogre_cave, minmay_misc_feat_doors
D:8:      layout_basic
D:9:      layout_irregular_city, minivault_11
D:10:     layout_basic, serial_shops, shop, minmay_misc_feat_square, uniq_sonja,
          uniq_maggie, uniq_nergalle, uniq_psyche
D:11:     lemuel_troll_bridge, layout_basic, erik_lair_dragon
D:12:     layout_gridville, minmay_orc_entry_temple_small,
          nicolae_qazlal_style_of_elements
D:13:     layout_roguey, st_stairs_1, uniq_kirke
D:14:     layout_small_grid, erik_vaults_1, minmay_staircase_bubble, basic_altar
Temple:   regret_index_temple_sigil_plot
Lair:1:   layout_gridlike, grunt_megastairs_2
Lair:2:   beast_lair_carwin_large_3, layout_regular_city
Lair:3:   layout_misc_corridors, dummy_snake_entry, guppyfry_lair_drakes
Lair:4:   nzn_motion_control, layout_misc_corridors, swamp_mist,
          chequers_serial_rivers_room_a, uniq_urug
Lair:5:   layout_misc_corridors, slime_dummy, serial_rivers,
          chequers_serial_rivers_room_a, chequers_serial_rivers_large_a,
          chequers_serial_rivers_micro_c, chequers_serial_rivers_micro_d,
          st_stairs_11, grunt_forest_large_clearing_hut
Lair:6:   minmay_lair_end_enchanted_forest, layout_regular_city, serial_forest,
          infiniplex_forest_join, infiniplex_forest_end_double,
          infiniplex_forest_end_2, infiniplex_forest_zigzag_1,
          infiniplex_forest_lined_corner, infiniplex_forest_clump_small,
          uniq_snorg
Swamp:1:  layout_falls_marsh, serial_swamp_ruin, hangedman_swamp_ruin_wall,
          evilmike_swamp_ruin_house_4, evilmike_swamp_ruin_house_6, swamp_pool3
Swamp:2:  layout_basic_swamp, evilmike_swamp_ruin_wall, swamp_pool3,
          infiniplex_staircase_pool_2
Swamp:3:  layout_falls_marsh, evilmike_swamp_ruin_rubble_2, uniq_bai_suzhen
Snake:1:  layout_grid_shapes, special_room, serial_shops, shop_fountains
Snake:2:  layout_onion_interference
Snake:3:  nicolae_cobra_stairs, layout_cave_town, serial_shops, shop_fountains,
          lemuel_fruit_tree, minmay_shop_grove
Snake:4:  johnstein_snake_rune_scales, layout_basic, uniq_aizul
Orc:1:    layout_caves, basic_altar
Orc:2:    pubby_orc_utopia
Vaults:1: ontoclasm_vaults_misaligned, grunt_vaults_trifunnel,
          nicolae_vaults_display_case, nicolae_vaults_network_quinsquares
          [nicolae_vaults_network_quincunx_subvault,
          nicolae_vaults_network_quincunx_subvault,
          nicolae_vaults_network_quincunx_subvault,
          nicolae_vaults_network_quincunx_subvault], v_misc_11,
          hangedman_vaults_capsules, vaults_room_ringed_pool, v_misc_19,
          vaults_mumra_hexcomb, serial_ice_g, vaults_room_semicircle,
          ontoclasm_vaults_chip, layout_vaults_maze_snakey

Skill      XL: |  1  2  3  4  5  6  7  8  9 10 11 12 13 14 15 16 17 18 |
---------------+-------------------------------------------------------+-----
Ice Magic      | 5 6 7 8 10 13 16 17 | 17.6
Spellcasting   | 6 7 10 12 15 19 | 19.0
Summonings     | 6 |  6.3
Conjurations   | 1 8 |  8.3
Dodging        | 9 10 | 10.0
Fighting       | 8 15 | 15.1
Shields        | 6 |  6.1
Evocations     | 2 |  2.8
Earth Magic    | 3 |  3.1
Stealth        | |  1.7

Action                   |  1- 3 |  4- 6 |  7- 9 | 10-12 | 13-15 | 16-18 || total
-------------------------+-------+-------+-------+-------+-------+-------++-------
Melee: Unarmed           |    29 |       |       |       |       |       ||    29
       Short sword       |     9 |       |       |       |       |       ||     9
       Tailslap          |     6 |     5 |    11 |    61 |    96 |     6 ||   185
       Spear             |    76 |    79 |   230 |    30 |       |       ||   415
       Long sword        |       |       |       |   288 |   563 |    49 ||   900
       Trident           |       |       |       |     1 |       |       ||     1
       Morningstar       |       |       |       |       |       |     4 ||     4
 Cast: Freeze            |    13 |       |     1 |    12 |     3 |     8 ||    37
       Frozen Ramparts   |     3 |    20 |    31 |    58 |    94 |    16 ||   222
       Summon Ice Beast  |       |       |    23 |    71 |    60 |     6 ||   160
       Hailstorm         |       |       |     5 |    49 |   110 |       ||   164
       Sticky Flame      |       |       |       |       |     7 |     6 ||    13
       Ozocubu's Refrige |       |       |       |       |   121 |   337 ||   458
       Metabolic Englaci |       |       |       |       |     5 |     2 ||     7
       Ozocubu's Armour  |       |       |       |       |     2 |       ||     2
       Iron Shot         |       |       |       |       |       |     4 ||     4
 Abil: Breathe Dispellin |       |       |       |     2 |       |     1 ||     3
Evoke: Wand              |       |       |       |     1 |       |     2 ||     3
  Use: Scroll            |       |       |    10 |     2 |     8 |     7 ||    27
       Potion            |       |       |       |     1 |       |       ||     1
 Stab: Sleeping          |     3 |     2 |     1 |     3 |     2 |     1 ||    12
       Distracted        |       |       |     1 |       |     1 |       ||     2
  Eat: Chunk             |     4 |     7 |    10 |    25 |    60 |    15 ||   121
       Ration            |       |       |     2 |     1 |     1 |     5 ||     9
Armor: Skin              |    53 |    16 |    52 |   101 |   116 |    59 ||   397
Dodge: Dodged            |    95 |    23 |   113 |   271 |   547 |   138 ||  1187
Block: Buckler           |       |       |       |       |   199 |    60 ||   259
       Rpst.: Long sword |       |       |       |    53 |   147 |     7 ||   207
